 Dungeon Crawl Stone Soup version 0.30.0-15-g856e2d3f33 (webtiles) character file.

Game seed: 609049787154259347

574 NateTC the Cleaver (level 7, -6/62 HPs)
             Began as a Minotaur Fighter on May 20, 2023.
             Was a Follower of Yredelemnul.
             Killed by divine providence
             ... invoked by an orc priest
              (17 damage)
             ... on level 4 of the Dungeon.
             The game lasted 00:04:06 (2623 turns).

NateTC the Cleaver (Minotaur Fighter)               Turns: 2623, Time: 00:04:07

Health: -6/62      AC: 17    Str: 22    XL:     7   Next: 12%
Magic:  6/6        EV:  9    Int:  5    God:    Yredelemnul [*.....]
Gold:   205        SH:  4    Dex: 10    Spells: 6/6 levels left

rFire   . . .        a - +1 war axe (protect)
rCold   . . .        c - +0 buckler
rNeg    + . .        b - +0 scale mail
rPois   .            (helmet restricted)
rElec   .            (no cloak)
rCorr   .            (no gloves)
SInv    .            (no boots)
Will    .....        e - amulet of faith Stlth
                     f - +4 ring of protection
HPRegen 0.30/turn    i - ring of positive energy
MPRegen 0.10/turn

%: faith
@: lethally poisoned (-6 -> -8), under a protective aura
A: horns 2, retaliatory headbutt
a: Renounce Religion, Recall Undead Harvest


You were on level 4 of the Dungeon.
You worshipped Yredelemnul.
Yredelemnul was noncommittal.
You visited 1 branch of the dungeon, and saw 4 of its levels.

You collected 205 gold pieces.

Inventory:

Hand Weapons
 a - a +1 war axe of protection (weapon)
Armour
 b - a +0 scale mail (worn)
 c - a +0 buckler (worn)
Jewellery
 e - an amulet of faith (around neck)
 f - a +4 ring of protection (left hand)
 i - a ring of positive energy (right hand)
 m - a +6 ring of dexterity
 o - a ring of ice
Scrolls
 g - a scroll of amnesia {unknown}
 k - 2 scrolls of blinking
Potions
 d - a potion of might
 h - a potion of heal wounds
 j - 2 potions of lignification {unknown}
 l - 2 potions of brilliance {unknown}
 n - 2 potions of haste {unknown}


   Skills:
 * Level 5.6 Fighting
 - Level 8.4 Axes
 - Level 3.6 Armour
 - Level 3.6 Shields


You had 6 spell levels left.
You didn't know any spells.
Your spell library contained the following spells:

 Spells                   Type           Power      Damage    Failure   Level
 Lesser Beckoning         Tloc           0%         N/A       95%         2
 Call Canine Familiar     Summ           0%         N/A       99%         3
 Gell's Gravitas          Tloc           0%         N/A       99%         3
 Hailstorm                Conj/Ice       0%         3d3       99%         3
 Portal Projectile        Hex/Tloc       0%         N/A       99%         3
 Teleport Other           Tloc           0%         N/A       99%         3
 Ice Form                 Ice/Tmut       0%         N/A       100%        4
 Leda's Liquefaction      Hex/Erth       0%         N/A       100%        4
 Simulacrum               Ice/Necr       Unusable   N/A       N/A         6

Dungeon Overview and Level Annotations

Branches:
Dungeon (4/15) Zot: 21335
 Temple: D:4-7

Altars:
Makhleb
Yredelemnul

Shops:
D:2 :   D:3 !?![


Innate Abilities, Weirdness & Mutations

You have a pair of horns on your head.
You reflexively headbutt those who attack you in melee.


Message History

The hound is almost dead.
The hound bites you.
Your ball python zombie bites the hound.
Your ball python zombie grabs the hound.
Your ball python zombie constricts the hound.
You slash the hound!
Your weapon exudes an aura of protection.
You kill the hound!
Your ball python zombie bites something but does no damage.
Something hits you.
You are poisoned.
You feel very sick.
An orc wizard appears from thin air!
Reactivating autopickup.
Your ball python zombie barely misses the orc wizard.
Your ball python zombie grabs the orc wizard.
Your ball python zombie constricts the orc wizard.
The orc wizard hits your ball python zombie with a +0 dagger of venom.
The orc priest looks satisfied for a moment.
You completely miss the orc wizard.
The orc wizard is severely wounded.
You feel sick.
Your ball python zombie bites the orc wizard but does no damage.
Your ball python zombie constricts the orc wizard.
The orc wizard casts a spell at your ball python zombie.
The puff of flame hits your ball python zombie!
Your ball python zombie is destroyed!
You barely miss the orc wizard.
The orc wizard shouts!
The orc wizard is severely wounded.
You feel sick.
The orc wizard barely misses your goblin zombie.
You hit the orc wizard.
Your weapon exudes an aura of protection.
You kill the orc wizard!
The dead are walking!
You feel sick.
The orc priest calls down the wrath of Beogh upon you.
Beogh smites you!
You die...
Your body rises from the dead as a mindless zombie.

##.# .....## ..Z#
.....# .# '#######
...... .. ~≈≈#...
....###.
≈~≈##.########.... .
~≈~##.......^#... .#
≈~≈##.######.#Zo##.##
'####.# #.##)#Z..#
..Z.Z.# #.##Z@#
####### # #.##)#...#
#.#.##)##[##
#..Z)#..###..
#..#.)......#
#..###......# #..
######... ### ##


You could see an orc priest (ally target), a friendly goblin zombie, a friendly
kobold zombie and a friendly orc wizard zombie.

Vanquished Creatures
  Menkaure (D:4)
  A water moccasin (D:4)
  The ghost of sasquatch the Firebug, an amateur DgFE (D:3)
  3 quasits (D:3)
  A hound (D:4)
  A sleepcap (D:4)
  An orc wizard (D:4)
  5 adders
  9 orcs
  2 bats
  3 endoplasms
  A giant cockroach (D:2)
  10 goblins
  5 hobgoblins
  2 jackals (D:2)
  A quokka (D:2)
  4 ball pythons
  9 kobolds
  2 rats
62 creatures vanquished.

Vanquished Creatures (collateral kills)
  A goblin (D:2)
  A hobgoblin (D:2)
  A jackal (D:2)
  2 frilled lizards
  A rat (D:2)
6 creatures vanquished.

Vanquished Creatures (others)
  An adder zombie (D:3)
  A ball python zombie (D:4)
  A goblin zombie (D:3)
  2 hobgoblin zombies (D:4)
  An orc zombie (D:3)
6 creatures vanquished.

Grand Total: 74 creatures vanquished

Notes
Turn   | Place    | Note
-------+----------+-------------------------------------------
     0 | D:1      | NateTC the Minotaur Fighter began the quest for the Orb.
     0 | D:1      | Reached XP level 1. HP: 19/19 MP: 0/0
   231 | D:1      | Reached skill level 3 in Axes
   505 | D:1      | Found a faded altar of an unknown god.
   695 | D:1      | Prayed at the altar of an unknown god.
   695 | D:1      | Became a worshipper of Yredelemnul the Dark
   695 | D:1      | Reached * piety under Yredelemnul
   806 | D:2      | Identified the +2 robe "Fuerer" {rN+ rCorr Str-4 Stlth+}
   822 | D:2      | Found Boscheror's Book Shop.
   833 | D:2      | Reached XP level 2. HP: 26/26 MP: 1/1
  1046 | D:2      | Reached skill level 4 in Axes
  1133 | D:2      | Reached XP level 3. HP: 30/31 MP: 2/2
  1167 | D:2      | Reached ** piety under Yredelemnul
  1259 | D:2      | Reached skill level 5 in Axes
  1465 | D:3      | Found a transporter.
  1495 | D:3      | Found Nocliet's Distillery.
  1532 | D:3      | Found a burning altar of Makhleb.
  1552 | D:3      | Reached XP level 4. HP: 36/39 MP: 3/3
  1567 | D:3      | Found Icwur's Magic Scroll Emporium.
  1623 | D:3      | Found Koliusir's Distillery.
  1708 | D:3      | Found Ynlyl's Antique Armour Boutique.
  1739 | D:3      | Noticed sasquatch's ghost (amateur DgFE)
  1846 | D:3      | Found a transporter.
  2159 | D:3      | Reached skill level 6 in Axes
  2161 | D:3      | Reached XP level 5. HP: 45/45 MP: 1/4
  2170 | D:3      | Killed sasquatch's ghost
  2171 | D:3      | Reached skill level 7 in Axes
  2171 | D:3      | Reached XP level 6. HP: 51/51 MP: 2/5
  2200 | D:3      | Identified the +1 falchion of Kuceogon {venom, rElec rN+++
                  | Dex-3 Stlth+}
  2227 | D:4      | Noticed a water moccasin
  2237 | D:4      | Killed a water moccasin
  2238 | D:4      | Reached skill level 8 in Axes
  2386 | D:4      | Noticed Menkaure
  2393 | D:4      | Killed Menkaure
  2394 | D:4      | Reached skill level 5 in Fighting
  2470 | D:4      | Reached XP level 7. HP: 61/61 MP: 6/6
  2623 | D:4      | Killed from afar by an orc priest

Illustrated notes

Levels and vault maps discovered:
D:1:      heliophobic_arrival_glass_houses, layout_basic,
          dreamdust_ecumenical_altar_statues
D:2:      cheibrodos_greedy_goblins, layout_rooms, serial_shops,
          nicolae_shop_behind_doors, minmay_misc_feat_ornament,
          chequers_mini_garden, st_stairs_5, amcnicky_mini_rare_corridor_liquid,
          mrwooster_statue_mirror
D:3:      layout_basic, lightli_temple_of_fire, serial_shops, shop,
          nicolae_shop_hallway_stairs, nicolae_shop_real_fake_doors, shop,
          gammafunk_ghost_stat_death
D:4:      minmay_clustersquares, layout_loops_ring,
          minmay_temple_entry_poolview, corner_web_ring, kennysheep_path_1,
          chequers_serial_rivers_room_b, minmay_ruptured, uniq_menkaure

Skill      XL: |  1  2  3  4  5  6 |
---------------+-------------------+-----
Axes           | 3 4 5 6 7 8 |  8.4
Fighting       | 5 |  5.6
Armour         | |  3.6
Shields        | |  3.6

Action                     |  1- 3 |  4- 6 |  7- 9 || total
---------------------------+-------+-------+-------++-------
  Melee: War axe           |    79 |    54 |    35 ||   168
         Headbutt          |     5 |     9 |     3 ||    17
 Invoke: Recall Undead Har |     1 |     1 |       ||     2
    Use: Scroll            |     6 |       |       ||     6
 Armour: Scale mail        |    55 |    68 |    23 ||   146
  Dodge: Dodged            |    37 |    36 |    10 ||    83
  Block: Buckler           |    17 |    19 |     7 ||    43
